 Dungeon Crawl Stone Soup version 0.29.0-15-g675c0067aa (webtiles) character file.

Game seed: 1885597204189975276

129 qw the Sneak (level 5, -4/32 HPs)
             Began as a Gargoyle Delver on Sept 11, 2022.
             Slain by Duvessa
             ... wielding a +0 short sword
              (11 damage)
             ... on level 4 of the Dungeon.
             The game lasted 00:00:13 (620 turns).

qw the Sneak (Gargoyle Delver)                       Turns: 620, Time: 00:00:14

Health: -4/32      AC:  7    Str: 17    XL:     5   Next: 12%
Magic:  5/5        EV: 11    Int: 11    God:
Gold:   63         SH:  0    Dex: 11    Spells: 4/4 levels left

rFire   . . .      SeeInvis .   a - +0 hand axe
rCold   . . .      Faith    .   (no shield)
rNeg    + . .      Spirit   .   b - +0 leather armour
rPois   inf        Reflect  .   (no helmet)
rElec   +          Harm     .   (no cloak)
rCorr   .          Rampage  .   (no gloves)
Will    .....                   (no boots)
Stlth   +++.......              (no amulet)
HPRegen 0.10/turn               (no ring)
MPRegen 0.09/turn               (no ring)

@: no status effects
A: sickness immunity, AC +4, negative energy resistance 1, electricity
resistance, torment resistance 1, petrification resistance
a: no special abilities


You were on level 4 of the Dungeon.
You visited 1 branch of the dungeon, and saw 2 of its levels.

You collected 63 gold pieces.


Innate Abilities, Weirdness & Mutations

You are immune to sickness and miasma.
Your stone body is resilient. (AC +4)
You are immune to poison.
You resist negative energy. (rN+)
You are resistant to electric shocks. (rElec)
You are resistant to unholy torment.
You are immune to petrification.


   Skills:
 - Level 3.2 Fighting
 + Level 4.7 Axes
 - Level 1.5 Dodging
 - Level 5.4 Stealth


You had 4 spell levels left.
You didn't know any spells.
Your spell library was empty.

Inventory:

Hand Weapons
 a - a +0 hand axe (weapon)
 h - a +0 morningstar
Armour
 b - a +0 leather armour (worn)
 d - a +0 plate armour of positive energy
Wands
 g - a wand of digging (3)
Scrolls
 c - a scroll of torment {unknown}
Potions
 f - a potion of haste

Dungeon Overview and Level Annotations

Branches:
Dungeon (5/15)
 Temple: D:4-7

Altars:

Annotations:
D:4 Dowan, Duvessa


Message History

You hit the endoplasm.
The endoplasm is heavily wounded.
The endoplasm hits you.
You hit the endoplasm.
You kill the endoplasm!
You barely miss Duvessa. Duvessa hits you with a +0 short sword.
Duvessa closely misses you.
You hit Duvessa.
Duvessa is lightly wounded.
Dowan casts a spell.
Dowan blinks!
Duvessa closely misses you.
You hit Duvessa.
Duvessa is lightly wounded.
Duvessa closely misses you.
You hit Duvessa but do no damage.
Duvessa is lightly wounded.
Duvessa barely misses you.
You hit Duvessa.
Duvessa is moderately wounded.
Duvessa completely misses you.
You hit Duvessa.
Duvessa is moderately wounded.
Duvessa hits you with a +0 short sword.
You hit Duvessa but do no damage.
Duvessa is moderately wounded.
Duvessa gestures with her weapon.
Duvessa completely misses you.
You barely miss Duvessa.
Duvessa is moderately wounded.
Duvessa barely misses you.
You barely miss Duvessa.
Duvessa is moderately wounded.
Duvessa hits you but does no damage.
You hit Duvessa but do no damage.
Duvessa is moderately wounded.
Duvessa hits you with a +0 short sword.
You hit Duvessa but do no damage.
Duvessa is moderately wounded.
Duvessa hits you with a +0 short sword!
You die...

#... ... #... .... #...
.... #... ## ..... #...
=#.. .[..### #... #....
......######.))
#.....#########...##....)
#....ee@.$..............
#.....##########..#.....
.....#. #.......#### .?..
#g #.#####...## ... #:
#.#######..# .. ..
..........# . #.
#.........# #.
########..# #..#


You could see Duvessa and Dowan.

Vanquished Creatures
  A scorpion (D:4)
  A hound (D:4)
  An orc priest (D:4)
  4 orcs (D:4)
  An endoplasm (D:4)
  A hobgoblin (D:4)
  A kobold (D:4)
  A ball python (D:4)
11 creatures vanquished.

Vanquished Creatures (others)
  A plant (D:4)
1 creature vanquished.

Grand Total: 12 creatures vanquished

Notes
Turn   | Place    | Note
-------+----------+-------------------------------------------
     0 | D:5      | qw the Gargoyle Delver began the quest for the Orb.
     0 | D:5      | Reached XP level 1. HP: 14/14 MP: 1/1
     0 | D:5      | 0 ||| qw: Version: 0.1-a-118-gb4e7ce6
     0 | D:5      | 0 ||| qw: Game counter: 10525
     0 | D:5      | 0 ||| qw: Always use a shield: true
     0 | D:5      | 0 ||| qw: God list: Okawaru
     0 | D:5      | 0 ||| qw: Allow faded altars: false
     0 | D:5      | 0 ||| qw: Do Orc after D:15 true
     0 | D:5      | 0 ||| qw: Do second Lair branch before Depths: true
     0 | D:5      | 0 ||| qw: Lair rune preference: random
     0 | D:5      | 0 ||| qw: Plans: Normal
     0 | D:5      | 0 ||| PLANNING D:1-11
     5 | D:5      | 5 ||| DROPPING scroll of fog.
     6 | D:5      | 6 ||| DROPPING scroll of magic mapping.
     7 | D:5      | 7 ||| DROPPING scroll of fear.
    15 | D:4      | Noticed a hound
    29 | D:4      | Killed a hound
    30 | D:4      | Reached skill level 3 in Axes
    30 | D:4      | Reached XP level 2. HP: 5/19 MP: 2/2
    30 | D:4      | Reached XP level 3. HP: 7/23 MP: 3/3
   273 | D:4      | Found the ring of Shadows {Umbra +Inv Stlth+}
   454 | D:4      | Reached XP level 4. HP: 22/28 MP: 4/4
   556 | D:4      | 556 ||| DROPPING +0 club.
   583 | D:4      | Noticed Dowan
   585 | D:4      | Noticed a scorpion
   587 | D:4      | Noticed Duvessa
   588 | D:4      | 588 ||| Stepping ~*~*~tactically~*~*~ (stealth).
   602 | D:4      | Killed a scorpion
   603 | D:4      | Reached XP level 5. HP: 21/32 MP: 5/5
   619 | D:4      | HP: 7/32 [Duvessa/+0 short sword (6)]
   620 | D:4      | Slain by Duvessa

Levels and vault maps discovered:
D:4:      corexii_shantytown, layout_basic, grunt_ministairs_5, uniq_duvessa
D:5:      layout_loops_ring, minmay_temple_entry_trees, serial_glass,
          glass_columns_c, glass_columns_a, glass_columns_a, glass_columns_a,
          glass_columns_a, glass_columns_a, glass_columns_c, glass_columns_b,
          glass_columns_b, glass_columns_a, glass_columns_c, glass_columns_a,
          glass_columns_a, glass_columns_a, chequers_serial_rivers_micro_d,
          kennysheep_generic_room_9, uniq_ijyb

Skill      XL: |  1  2  3  4 |
---------------+-------------+-----
Axes           | 3 4 |  4.7
Fighting       | |  3.2
Dodging        | |  1.5
Stealth        | |  5.4

Action                   |  1- 3 |  4- 6 || total
-------------------------+-------+-------++-------
Melee: Hand axe          |    30 |    36 ||    66
Armor: Leather armour    |    10 |    10 ||    20
Dodge: Dodged            |    23 |    21 ||    44

Table legend:
 A = Non-vault XP
 B = Vault XP
 C = Vault XP percentage of total XP
 D = Non-vault monster count
 E = Vault monster count
 F = Vault count percentage of total count
                 A         B        C        D         E       F
            +---------+---------+-------+---------+---------+-------
      Total |     185 |       0 |   0.0 |      11 |       0 |   0.0
            +---------+---------+-------+---------+---------+-------
        D:4 |     185 |       0 |   0.0 |      11 |       0 |   0.0
            +---------+---------+-------+---------+---------+-------
